 Dungeon Crawl Stone Soup version 0.24.0-1-gfbc8707122 (webtiles) character file.

Game seed: 5772481322887186629, levelgen mode: deterministic

420 Monsterracer the Insei (level 6, -6/43 HPs)
             Began as a Vampire Arcane Marksman on Oct 26, 2019.
             Was an Initiate of Okawaru.
             Killed by divine providence
             ... invoked by an orc priest
              (12 damage)
             ... on level 5 of the Dungeon.
             The game lasted 00:09:57 (4326 turns).

Monsterracer the Insei (Vampire Arcane Marksman)    Turns: 4326, Time: 00:09:57

Health: -6/43      AC:  9    Str: 11    XL:     6   Next: 62%
Magic:  7/7        EV: 11    Int: 16    God:    Okawaru [......]
Gold:   7          SH:  0    Dex: 14    Spells: 7/7 levels left

rFire    . . .     SeeInvis +     - Unarmed
rCold    . . .     Gourm    .   (no shield)
rNeg     . . .     Faith    .   u - +0 ring mail
rPois    +         Spirit   .   (no helmet)
rElec    .         Reflect  .   (no cloak)
rCorr    .         Harm     .   x - +0 pair of gloves
MR       .....                  (no boots)
Stlth    +.........             (no amulet)
HPRegen  0.34/turn              i - +3 ring of protection
MPRegen  0.10/turn              P - ring of poison resistance

@: regenerating quickly
A: no food, fangs 3, see invisible, unbreathing
a: Exsanguinate, Renounce Religion


You were on level 5 of the Dungeon.
You worshipped Okawaru.
Okawaru was noncommittal.
You were alive.

You visited 1 branch of the dungeon, and saw 5 of its levels.

You collected 172 gold pieces.
You spent 165 gold pieces at shops.

Inventory:

Missiles
 l - 2 throwing nets (quivered) {!f}
Armour
 u - a +0 ring mail (worn)
   (You found it on level 4 of the Dungeon)
 x - a +0 pair of gloves (worn)
   (You found it on level 3 of the Dungeon)
Jewellery
 a - an uncursed ring of positive energy
   (You took it off an orc priest on level 3 of the Dungeon)
 i - a +3 ring of protection (left hand)
   (You found it on level 1 of the Dungeon)
 C - an uncursed ring of protection from cold
   (You found it on level 2 of the Dungeon)
 P - a ring of poison resistance (right hand)
   (You found it on level 2 of the Dungeon)
Wands
 v - a wand of flame (11)
   (You found it on level 3 of the Dungeon)
Scrolls
 o - a scroll of amnesia
 r - 4 scrolls of remove curse
 w - a scroll of magic mapping {unknown}
Potions
 b - a potion of cancellation
 d - 3 potions of heal wounds
 e - 5 potions of curing
 h - 2 potions of haste
 j - a potion of magic
 k - a potion of berserk rage {unknown}
 m - a potion of flight {unknown}
 p - a potion of might {unknown}


   Skills:
 + Level 1.5 Fighting
 - Level 1.5 Throwing
 + Level 2.7 Dodging
 + Level 2.1 Stealth
 * Level 6.6 Unarmed Combat
 - Level 1.0 Spellcasting
   Level 4.4 Hexes
 + Level 0.9 Invocations


You had 7 spell levels left.
You didn't know any spells.
Your spell library contained the following spells:

 Spells                   Type           Power        Failure   Level  Hunger
 Corona                   Hex            ##.....      10%         1    N/A
 Slow                     Hex            ##......     14%         2    N/A
 Inner Flame              Hex/Fire       #.......     56%         3    N/A
 Portal Projectile        Hex/Tloc       #.....       56%         3    N/A
 Cause Fear               Hex            ##........   67%         4    N/A
 Leda's Liquefaction      Hex/Erth       #.........   92%         4    N/A

Dungeon Overview and Level Annotations

Branches:
Dungeon (5/15)
 Temple: D:4-7

Altars:
Hepliaklqana
Okawaru
Vehumet
Wu Jian
The Shining One

Shops:
D:5 !

Annotations:
D:3 , 3 runed translucent doors, Fingolfin's ghost, amateur HOWn


Innate Abilities, Weirdness & Mutations

You do not eat.
Your natural rate of healing is unusually fast.
You have razor-sharp teeth.
You have supernaturally acute eyesight. (SInv)
You can survive without breathing.


Message History

The bullfrog skeleton is heavily damaged.
The bullfrog skeleton hits you but does no damage.
You hit the bullfrog skeleton but do no damage.
The bullfrog skeleton is heavily damaged.
The bullfrog skeleton closely misses you.
You hit the bullfrog skeleton but do no damage.
The bullfrog skeleton is heavily damaged.
The bullfrog skeleton closely misses you.
You punch the bullfrog skeleton! You bite the bullfrog skeleton.
The bullfrog skeleton is almost destroyed.
The bullfrog skeleton barely misses you.
You hit the bullfrog skeleton.
You destroy the bullfrog skeleton!
Okawaru accepts your kill.
Your Stealth skill increases to level 2!
No target in view!
Found a hazy altar of Hepliaklqana.
There is a hazy altar of Hepliaklqana here.
An orc comes into view.
The orc shouts!
An orc is nearby!
The orc closely misses you.
There is a stone staircase leading down here.
You hit the orc but do no damage. The orc misses you.
You hit the orc.
The orc is moderately wounded.
The orc hits you.
An orc is nearby!
You closely miss the orc. Your bite misses the orc.
The orc is moderately wounded.
The orc hits you but does no damage.
An orc is nearby!
You hit the orc but do no damage.
The orc is moderately wounded.
The orc closely misses you.
An orc is nearby!
You barely miss the orc.
The orc is moderately wounded.
An orc is nearby!
You hit the orc.
You kill the orc!
Okawaru accepts your kill.
You open the door.
There is an open door here.
You open the door.
Found a ration.
There is an open door here.
No target in view!
You open the door.
There is an open door here.
You open the door.
There is an open door here.
You open the door.
There is an open door here.
An orc comes into view. It is wielding a +0 flail.
An orc is nearby!
An orc wizard comes into view. It is wielding a +0 dagger.
The orc shouts!
The orc wizard shouts!
You hear a shout!
An orc comes into view. It is wielding a +0 flail.
An orc priest comes into view. It is wielding a +0 war axe.
The orc priest shouts!
An orc priest comes into view.
The orc priest invokes the aid of Beogh against you.
Beogh smites you!
The orc priest shouts!
The orc wizard mumbles some strange words.
The orc wizard blinks!
The orc barely misses you.
Your ring mail prevents you from hitting the orc.
The orc hits you but does no damage.
The orc wizard hits you but does no damage.
The orc priest invokes the aid of Beogh against you.
Beogh smites you!
The orc priest calls down the wrath of Beogh upon you.
Beogh smites you!
* * * LOW HITPOINT WARNING * * *
Unknown command.
Unknown command.
The orc wizard points at you and mumbles some strange words.
The magic dart hits you.
* * * LOW HITPOINT WARNING * * *
There is an open door, spattered with blood here.
Unknown command.
The orc wizard gestures wildly while chanting.
The orc wizard seems to speed up.
The orc wizard casts a spell at you. The magic dart hits you.
* * * LOW HITPOINT WARNING * * *
Unknown command.
Evoke which item? (* to show all) (? for menu, Esc to quit)
Okay, then.
As you read the scroll labeled QAAGEOGHUM, it crumbles to dust.
It is a scroll of amnesia.
Forget Corona, freeing 1 spell level for a total of 7?
Your memory of Corona unravels.
o - a scroll of amnesia
As you read the scroll labeled ETOSOE DACKUPH, it crumbles to dust.
The scroll dissolves into smoke.
It was a scroll of fog.
The orc priest mumbles some strange prayers to Beogh against you.
Beogh smites you!
You die...

###..## #######.... ######
#.......... ....
#.......... ...#
#.......... ...#
#######.......... ...#
#.....o.o........ ...#
#..§...##'###... ...#
#.§§§o.#....# ...#
#..§@§.+..o.## ...#
#..§§§.#.....# #..#
#......#.oo.## #..###
#......#....# #....#
#......#.....# #....#
#......#.....# #....#
#......#.....#
#...#########......#....##
#...##......#......#....#


You could see an orc priest, an orc wizard and an orc.

Vanquished Creatures
  A hound (D:2)
  2 orc priests (D:3)
  2 bullfrog skeletons (D:4 D:5)
  A gnoll shaman (D:4)
  3 worker ants (D:4)
  4 gnolls (D:4 D:5)
  5 adders (D:2 D:3 D:4)
  A shadow imp (D:3)
  2 oozes (D:4)
  An adder skeleton (D:4)
  3 worms (D:2 D:4)
  3 dart slugs (D:1 D:2)
  3 leopard geckos (D:2 D:3)
  4 orcs (D:4 D:3 D:5)
  A ball python (D:4)
  4 giant cockroaches (D:1 D:2)
  6 goblins (D:1 D:2 D:4)
  7 hobgoblins (D:1 D:2 D:3 D:4)
  5 bats (D:1 D:2)
  6 frilled lizards (D:2 D:5)
  8 kobolds (D:1 D:2)
  6 rats (D:1 D:2 D:3)
78 creatures vanquished.

Notes
Turn   | Place    | Note
-------+----------+-------------------------------------------
     0 | D:1      | Monsterracer the Vampire Arcane Marksman began the quest
                  | for the Orb.
     0 | D:1      | Reached XP level 1. HP: 14/14 MP: 2/2
   140 | D:1      | Reached skill level 1 in Unarmed Combat
   176 | D:1      | Reached XP level 2. HP: 20/20 MP: 3/3
   228 | D:1      | Reached skill level 2 in Unarmed Combat
   847 | D:2      | Reached skill level 3 in Unarmed Combat
   849 | D:2      | Reached XP level 3. HP: 17/25 MP: 4/4
   924 | D:2      | Reached skill level 4 in Unarmed Combat
   963 | D:2      | Reached XP level 4. HP: 30/31 MP: 5/5
  1255 | D:2      | Found a radiant altar of Vehumet.
  1467 | D:3      | Found a transporter.
  1481 | D:3      | Found a transporter.
  1495 | D:3      | Found a runed translucent gate.
  1495 | D:3      | Found a runed translucent gate.
  1495 | D:3      | Found a runed translucent gate.
  1748 | D:3      | Found a glowing golden altar of the Shining One.
  1938 | D:3      | Noticed Fingolfin's ghost (amateur HOWn)
  1975 | D:3      | HP: 14/31 [orc priest/divine providence (14)]
  2077 | D:4      | HP: 14/31 [adder (3)]
  2082 | D:4      | Reached skill level 5 in Unarmed Combat
  2083 | D:4      | HP: 14/31 [poisoned by an adder]
  2176 | D:4      | HP: 13/31 [worker ant (5)]
  2180 | D:4      | Reached XP level 5. HP: 16/36 MP: 6/6
  2453 | D:4      | HP: 14/36 [worker ant (8)]
  2458 | D:4      | HP: 12/36 [poisoned by a worker ant]
  2466 | D:4      | HP: 13/36 [poisoned by a worker ant]
  2474 | D:4      | HP: 14/36 [poisoned by a worker ant]
  2613 | D:4      | Reached skill level 6 in Unarmed Combat
  2741 | D:4      | Reached skill level 1 in Fighting
  2897 | D:4      | Reached skill level 1 in Stealth
  2922 | D:4      | Found an iron altar of Okawaru.
  2930 | D:4      | Became a worshipper of Warmaster Okawaru
  2948 | D:4      | Reached XP level 6. HP: 43/43 MP: 7/7
  3148 | D:3      | HP: 20/43 [orc priest/divine providence (12)]
  3337 | D:3      | Found an ornate altar of the Wu Jian Council.
  3594 | D:3      | HP: 17/43 [orc priest/divine providence (9)]
  3674 | D:3      | HP: 19/43 [orc priest/divine providence (11)]
  3808 | D:3      | HP: 21/43 [orc priest/divine providence (10)]
  3949 | D:5      | Entered Level 5 of the Dungeon
  3962 | D:5      | Found Xuriuhyt's Distillery.
  3992 | D:5      | HP: 21/43 [gnoll/+0 spear (3)]
  4073 | D:4      | HP: 21/43 [gnoll shaman/+0 whip (3)]
  4179 | D:5      | Bought a potion of heal wounds for 55 gold pieces
  4179 | D:5      | Bought a potion of haste for 110 gold pieces
  4237 | D:5      | Found a hazy altar of Hepliaklqana.
  4316 | D:5      | HP: 9/43 [orc priest/divine providence (17)]
  4324 | D:5      | HP: 5/43 [orc wizard/magic dart (2)]
  4326 | D:5      | Killed from afar by an orc priest

Levels and vault maps discovered:
D:1:      tarquinn_simple_flora_water_e, layout_loops_ring, minmay_pentomino_o4
D:2:      layout_basic, lemuel_round_altar, minmay_3d_cube
D:3:      gammafunk_wand_slinger, layout_basic, lemuel_round_altar,
          gammafunk_ghost_necromancy, tso_altar
D:4:      layout_gridville, okawaru_altar_gauntlet_db, serial_bayou_lake_a
D:5:      layout_gridville, marbit_many_paths, minmay_temple_entry_slanted,
          first_ration, serial_shops, shop

Skill      XL: |  1  2  3  4  5  6 |
---------------+-------------------+-----
Unarmed Combat | 1 3 4 5 6 |  6.6
Fighting       | 1 |  1.5
Stealth        | 1 2 |  2.1
Throwing       | |  1.5
Dodging        | |  2.7
Spellcasting   | |  1.0
Hexes          | |  4.4
Invocations    | |  0.9

Action                   |  1- 3 |  4- 6 || total
-------------------------+-------+-------++-------
Melee: Unarmed           |    93 |   236 ||   329
       Bite              |    12 |    14 ||    26
       Punch             |     2 |     3 ||     5
Throw: Javelin           |    15 |    23 ||    38
       Throwing net      |       |     4 ||     4
       Boomerang         |       |    35 ||    35
Evoke: Wand              |       |     4 ||     4
  Use: Scroll            |       |    12 ||    12
 Stab: Held in net/web   |       |     1 ||     1
       Sleeping          |       |     1 ||     1
Armor: Robe              |    38 |    43 ||    81
       Ring mail         |       |    32 ||    32
Dodge: Dodged            |    62 |   139 ||   201
